 Dungeon Crawl Stone Soup version 0.29-a0-284-gf9362112df (webtiles) character file.

Game seed: 4762083373108219668

3012 sizableburger the Chopper (level 9, -2/54 HPs)
             Began as a Deep Elf Fighter on Mar 31, 2022.
             Was a Believer of Fedhas.
             Slain by Erica
             ... wielding a +3 scimitar of flaming
              (8 damage)
             ... on level 8 of the Dungeon.
             The game lasted 00:25:38 (10249 turns).

sizableburger the Chopper (Deep Elf Fighter)       Turns: 10249, Time: 00:25:40

Health: -2/54      AC: 17    Str: 17    XL:     9   Next: 55%
Magic:  23/23      EV:  8    Int: 14    God:    Fedhas [**....]
Gold:   484        SH:  4    Dex: 14    Spells: 8/8 levels left

rFire   . . .      SeeInvis .   a - +2 war axe (flame)
rCold   . . .      Faith    +   c - +0 buckler
rNeg    . . .      Spirit   .   t - +1 chain mail
rPois   .          Reflect  .   (no helmet)
rElec   .          Harm     .   (no cloak)
rCorr   .          Rampage  .   f - +2 pair of gloves
Will    .....                   (no boots)
Stlth   ..........              o - amulet of faith
HPRegen 0.18/turn               y - +4 ring of protection
MPRegen 0.18/turn               e - ring of magical power

@: lethally poisoned (-2 -> -16), slowed, very slow
A: no striking features
a: Renounce Religion, Wall of Briars


You were on level 8 of the Dungeon.
You worshipped Fedhas.
Fedhas was pleased with you.
You visited 1 branch of the dungeon, and saw 8 of its levels.

You collected 484 gold pieces.

Inventory:

Hand Weapons
 a - a +2 war axe of flaming (weapon)
 x - a +2 vorpal war axe
Missiles
 h - a throwing net
 p - 4 javelins (quivered)
 s - 3 boomerangs
 C - 4 atropa-tipped darts
 E - 5 curare-tipped darts
Armour
 c - a +0 buckler (worn)
 f - a +2 pair of gloves (worn)
 t - a +1 chain mail (worn)
Jewellery
 e - a ring of magical power (right hand)
 k - an amulet of the acrobat
 o - an amulet of faith (around neck)
 y - a +4 ring of protection (left hand)
 F - an amulet of guardian spirit
Wands
 v - a wand of iceblast (7)
 z - a wand of charming (6)
 A - a wand of flame (14)
Scrolls
 b - a scroll of magic mapping
 m - a scroll of amnesia
 r - 2 scrolls of brand weapon
 G - 2 scrolls of vulnerability
Potions
 l - a potion of mutation
 n - 3 potions of flight
 q - 2 potions of brilliance
 u - a potion of invisibility {unknown}
 w - a potion of lignification
 B - a potion of attraction {unknown}


   Skills:
 + Level 5.3 Fighting
 + Level 7.9 Axes
 + Level 4.7 Throwing
 - Level 2.4 Armour
 - Level 4.2 Dodging
 - Level 2.4 Shields
 - Level 5.0 Invocations


You had 8 spell levels left.
You didn't know any spells.
Your spell library contained the following spells:

 Spells                   Type           Power      Damage    Failure   Level
 Shock                    Conj/Air       0%         1d3       99%         1
 Ensorcelled Hibernation  Hex/Ice        0%         N/A       100%        2
 Passwall                 Tmut/Erth      0%         N/A       100%        2
 Gell's Gravitas          Tloc           0%         N/A       100%        3
 Lesser Beckoning         Tloc           0%         N/A       100%        3
 Spider Form              Tmut/Pois      0%         N/A       100%        3
 Swiftness                Air            0%         N/A       100%        3
 Teleport Other           Tloc           0%         N/A       100%        3
 Airstrike                Air            0%         N/A       100%        4
 Anguish                  Hex/Necr       0%         N/A       100%        4
 Malign Gateway           Summ/Tloc      0%         N/A       100%        7
 Summon Horrible Things   Summ           0%         N/A       100%        8


Dungeon Overview and Level Annotations

Branches:
Dungeon (8/15)             Temple (0/1) D:5            Lair (0/6) D:8

Altars:
Dithmenos
Elyvilon
Fedhas
Gozag
Hepliaklqana
Sif Muna
Trog
Uskayaw

Annotations:
D:4 3 runed translucent doors, Zonian's ghost, amateur DsIE
D:8 Erica


Message History

You feel very sick.
You hear some strange, mumbled words.
You feel as though you will be slow longer.
Unknown command.
You hit something but do no damage.
You feel sick. Something hits you. Something burns you.
Unknown command.
You miss something.
You feel sick.
You hear some strange, mumbled words.
A bolt of poison appears from out of thin air!
The bolt of poison hits you.
You are more poisoned.
Unknown command.
You feel better. Something hits you but does no damage. Something hits you.
Something burns you.
Okay, then.
Okay, then.
You slash something! You burn something.
You hear some strange, mumbled words.
Something tries to affect you, but you resist.
You hear some strange, mumbled words.
Something tries to affect you, but you resist.
You closely miss something. Something hits you. Something burns you.
Okay, then.
Okay, then.
Okay, then.
You miss something. Something hits you! Something burns you.
Something hits you!
* * * LOW HITPOINT WARNING * * *
Something burns you.
* * * LOW HITPOINT WARNING * * *
You feel much better.
You hear some strange, mumbled words.
A bolt of poison appears from out of thin air!
The bolt of poison hits you!!
You are poisoned.
* * * LOW HITPOINT WARNING * * *
Something hits you!
You die...
Fedhas appreciates your contribution to the ecosystem.

####################### ###
................@{...(# #..
..............#######(# #..
..............#.....#.## #..
......##......#.....#..# #..
......##......#.._.!)).# #..
.........(....#.....#..# #..
......##...#..#.....#..#########.
......###'###.#######....##.#..#.
......##...#.....................


There were no monsters in sight!

Vanquished Creatures
  Prince Ribbit (D:7)
  3 yaks (D:8)
  A steam dragon (D:7)
  Edmund (D:5)
  An acid dragon (D:8)
  2 orc warriors
  2 ogres
  A centaur (D:7)
  2 bullfrogs
  2 necrophages
  3 scorpions
  6 wights
  A howler monkey (D:5)
  4 jellies
  4 hounds
  3 orc priests
  5 iguanas
  2 orc wizards
  14 adders
  3 gnolls (D:5)
  A shadow imp (D:7)
  A white imp (D:6)
  2 ufetubi
  A worm (D:4)
  21 orcs
  11 endoplasms
  6 giant cockroaches
  4 goblins
  6 hobgoblins
  13 kobolds
  4 quokkas
  8 ball pythons
  6 bats
  A frilled lizard (D:2)
  5 rats
151 creatures vanquished.

Vanquished Creatures (others)
  2 fungi (D:8)
  6 plants (D:8)
8 creatures vanquished.

Grand Total: 159 creatures vanquished

Notes
Turn   | Place    | Note
-------+----------+-------------------------------------------
     0 | D:1      | sizableburger the Deep Elf Fighter began the quest for the
                  | Orb.
     0 | D:1      | Reached XP level 1. HP: 13/13 MP: 3/3
   439 | D:1      | Reached XP level 2. HP: 18/18 MP: 4/4
   596 | D:1      | Reached skill level 2 in Axes
  1611 | D:2      | Reached XP level 3. HP: 23/23 MP: 5/5
  1867 | D:2      | Reached skill level 1 in Dodging
  2181 | D:2      | Reached XP level 4. HP: 24/28 MP: 6/6
  2490 | D:2      | Reached skill level 3 in Axes
  3007 | D:3      | Reached XP level 5. HP: 32/32 MP: 7/7
  3452 | D:3      | Found a faded altar of an unknown god.
  3457 | D:3      | Found an opulent altar of Gozag.
  3662 | D:4      | Reached XP level 6. HP: 23/37 MP: 8/8
  3841 | D:4      | You fall into a shaft and drop 3 floors!
  3852 | D:6      | Found a blossoming altar of Fedhas.
  3885 | D:6      | Reached skill level 4 in Axes
  3941 | D:6      | Reached XP level 7. HP: 11/42 MP: 9/9
  4075 | D:6      | Became a worshipper of Fedhas Madash
  4140 | D:5      | Entered Level 5 of the Dungeon
  4251 | D:5      | Reached skill level 5 in Axes
  4553 | D:5      | Found a bloodstained altar of Trog.
  4812 | D:4      | Found a runed translucent gate.
  4812 | D:4      | Found a runed translucent gate.
  4812 | D:4      | Found a runed translucent gate.
  4812 | D:4      | Noticed Zonian's ghost (amateur DsIE)
  5105 | D:5      | Reached * piety under Fedhas
  5106 | D:5      | Reached skill level 1 in Invocations
  5384 | D:5      | Found a staircase to the Ecumenical Temple.
  5443 | D:5      | Found a white marble altar of Elyvilon.
  5516 | D:5      | Noticed Edmund
  6019 | D:5      | Reached XP level 8. HP: 33/48 MP: 11/11
  6241 | D:5      | Reached skill level 5 in Fighting
  6254 | D:5      | Found a shimmering blue altar of Sif Muna.
  6542 | D:5      | Killed Edmund
  6543 | D:5      | Reached skill level 1 in Throwing
  6837 | D:6      | Found a hide-covered altar of Uskayaw.
  7125 | D:6      | Reached skill level 6 in Axes
  7476 | D:6      | Found a hazy altar of Hepliaklqana.
  7579 | D:5      | Reached ** piety under Fedhas
  8574 | D:7      | Identified the +9 long sword "Funul" {protect, rF++ rC+
                  | Int-5}
  8704 | D:7      | Reached skill level 7 in Axes
  8836 | D:7      | Noticed Prince Ribbit
  8849 | D:7      | Killed Prince Ribbit
  8850 | D:7      | Reached XP level 9. HP: 54/54 MP: 14/14
  9351 | D:8      | Found a staircase to the Lair.
  9373 | D:8      | Reached skill level 5 in Invocations
  9903 | D:8      | Found a shadowy altar of Dithmenos.
 10202 | D:8      | Noticed Erica
 10249 | D:8      | Slain by Erica

Illustrated notes

Levels and vault maps discovered:
D:1:      dpeg_arrival_another_circle, layout_basic, chequers_mini_garden
D:2:      layout_rooms, minmay_pentomino_u4
D:3:      layout_basic, nicolae_overflow_ecumenical_swirl, feat_on_display
D:4:      layout_rooms, gammafunk_ghost_split
D:5:      layout_layer_cave, mainiacjoe_overflow_six_doors_small,
          mainiacjoe_overflow_24_doors, kennysheep_mini,
          minmay_temple_entry_large_hall, uniq_edmund
D:6:      layout_rooms, mainiacjoe_overflow_tiny_flanked,
          nicolae_hepliaklqana_hippocampus, mainiacjoe_overflow_surrounded_room
D:7:      layout_loops_cross, uniq_prince_ribbit1
D:8:      layout_gridville, amcnicky_altar_gilded, mainiacjoe_overflow_alcove_4,
          dpeg_oklobed_lair, uniq_erica

Skill      XL: |  1  2  3  4  5  6  7  8  9 |
---------------+----------------------------+-----
Axes           | 2 3 4 5 7 |  7.9
Fighting       | 3 4 5 |  5.3
Dodging        | 2 4 |  4.2
Invocations    | 1 4 5 |  5.0
Throwing       | 3 4 |  4.7
Armour         | |  2.4
Shields        | |  2.4

Action                   |  1- 3 |  4- 6 |  7- 9 || total
-------------------------+-------+-------+-------++-------
Melee: War axe           |    82 |   152 |   279 ||   513
Throw: Dart              |     6 |     2 |    24 ||    32
       Javelin           |     3 |     4 |     6 ||    13
       Boomerang         |       |       |    25 ||    25
Invok: Wall of Briars    |       |       |     1 ||     1
Evoke: Wand              |       |       |     2 ||     2
  Use: Scroll            |     3 |     5 |    21 ||    29
       Potion            |       |     2 |     7 ||     9
Armor: Scale mail        |    35 |    27 |       ||    62
       Chain mail        |       |    66 |   172 ||   238
       Skin              |       |       |    29 ||    29
Dodge: Dodged            |    59 |    99 |   109 ||   267
Block: Buckler           |    15 |    46 |    70 ||   131

Table legend: (Time is in decaauts)
 A = Elapsed time spent in this place.
 B = Non-inter-level travel time spent in this place.
 C = Inter-level travel time spent in this place.
 D = Time resting spent in this place.
 E = Time spent auto-exploring this place.
 F = Levels seen in this place.
 G = Mean time per level.
                   A        B        C        D        E       F      G
               +--------+--------+--------+--------+--------+-----+--------+
         Total |  10451 |   9355 |   1096 |   3129 |   4237 |   8 | 1306.4 |
       Dungeon |  10451 |   9355 |   1096 |   3129 |   4237 |   8 | 1306.4 |
               +--------+--------+--------+--------+--------+-----+--------+

Top non-repeatable levels by time:
     D:5: 2723 daAuts
     D:1: 1747 daAuts
     D:7: 1301 daAuts
     D:2: 1081 daAuts
     D:6: 1077 daAuts
     D:4: 1008 daAuts
     D:8: 776 daAuts
     D:3: 735 daAuts
